 Dungeon Crawl Stone Soup version 0.30-a0-359-gd0147acb1a (webtiles) character file.

Game seed: 5322641629378920404

2622 Shayle the Insei (level 9, -3/66 HPs)
             Began as a Djinni Reaver on Nov 11, 2022.
             Was a Believer of Makhleb.
             Slain by a vampire (7 damage)
             ... on level 8 of the Dungeon on Nov 12, 2022.
             The game lasted 00:18:00 (7088 turns).

Shayle the Insei (Djinni Reaver)                    Turns: 7088, Time: 00:18:00

Health: -3/66      AC:  7    Str: 11    XL:     9   Next: 91%
Gold:   399        EV: 12    Int: 17    God:    Makhleb [**....] SH:  0 Dex: 18

rFire   + + .      SeeInvis .    k - +10 hand axe of Incongruity {freeze, Fly rC+ Int-2}
rCold   . . .      Faith    .    (no shield)
rNeg    . . .      Spirit   .    a - +0 leather armour
rPois   ∞          Reflect  .    (no helmet)
rElec   .          Harm     .    j - +0 cloak
rCorr   +          Rampage  .    m - +1 pair of gloves "Aboesireps" {rCorr Slay+2}
Will    +....                    (boots unavailable)
Stlth   +++.......               (no amulet)
HPRegen 0.31/turn                u - +6 ring of dexterity
MPRegen 0.00/turn                E - ring of wizardry

@: flying
A: sickness immunity, fire resistance 2, cold vulnerability 1, float, innate
caster, HP casting, extra vitality 1, strong-willed 1, inability to drink after
injury 1
a: Renounce Religion, Minor Destruction


You were on level 8 of the Dungeon.
You worshipped Makhleb.
Makhleb was pleased with you.
You visited 2 branches of the dungeon, and saw 9 of its levels.

You collected 429 gold pieces.
You spent 30 gold pieces at shops.

Inventory:

Hand Weapons
 h - a +2 short sword of venom
 i - a +3 short sword
 k - the +10 hand axe of Incongruity (weapon) {freeze, Fly rC+ Int-2}
   (You found it on level 2 of the Dungeon)

   It freezes those it strikes, dealing additional cold damage.
   It can also slow down cold-blooded creatures.
   Int:       It affects your intelligence (-2).
   rC:        It protects you from cold.
   Fly:       It grants you flight.
Armour
 a - a +0 leather armour (worn)
 j - a +0 cloak (worn)
 m - the +1 pair of gloves "Aboesireps" (worn) {rCorr Slay+2}
   (You acquired it on level 6 of the Dungeon)

   Slay:      It affects your accuracy & damage with ranged weapons and melee
   (+2).
   rCorr:     It protects you from acid and corrosion.
Jewellery
 p - a ring of positive energy
 u - a +6 ring of dexterity (left hand)
 v - a ring of ice
 E - a ring of wizardry (right hand)
 G - an amulet of regeneration
Wands
 C - a wand of flame (21)
Scrolls
 e - a scroll of blinking
 l - a scroll of torment {unknown}
 n - 3 scrolls of vulnerability {unknown}
 o - a scroll of teleportation
 r - a scroll of fear
 s - 2 scrolls of silence {unknown}
 t - 3 scrolls of enchant armour {unknown}
 w - 2 scrolls of poison {unknown}
 x - a scroll of immolation
 y - a scroll of amnesia {unknown}
 A - 2 scrolls of noise {unknown}
 D - a scroll of fog
 F - a scroll of brand weapon {unknown}
Potions
 b - 3 potions of degeneration
 c - 4 potions of flight
 d - 4 potions of curing
 f - a potion of haste {unknown}
 g - 3 potions of might
 q - 2 potions of resistance
 z - a potion of berserk rage {unknown}
 B - a potion of attraction {unknown}


   Skills:
 + Level 5.6 Fighting
 + Level 5.1 Armour
 - Level 2.1 Dodging
 + Level 4.5 Stealth
 + Level 6.0 Unarmed Combat
 + Level 4.7 Spellcasting
 + Level 4.5 Invocations


You had one spell level left.
You knew the following spells:

 Your Spells              Type           Power      Damage    Failure   Level
a - Kiss of Death         Conj/Necr      80%        2d11      1%          1
b - Momentum Strike       Conj/Tloc      40%        3d9       1%          2
c - Hailstorm             Conj/Ice       20%        3d6       3%          3
d - Shock                 Conj/Air       80%        1d8       1%          1
e - Poisonous Vapours     Pois/Air       40%        N/A       1%          2
f - Portal Projectile     Hex/Tloc       40%        N/A       3%          3
g - Animate Dead          Necr           20%        N/A       11%         4
Your spell library was empty.

Dungeon Overview and Level Annotations

Branches:
Dungeon (8/15)             Temple (1/1) D:4
   Lair: D:8-11

Altars:
Ashenzari
Cheibriados
Dithmenos
Elyvilon
Fedhas
Gozag
Hepliaklqana
Makhleb
Nemelex Xobeh
Okawaru
Qazlal
Ru
Trog
Wu Jian
Xom
Yredelemnul
The Shining One

Shops:
D:1 !


Innate Abilities, Weirdness & Mutations

You are immune to sickness and miasma.
You are immune to poison.
Your flesh is very heat resistant. (rF++)
You are vulnerable to cold. (rC-)
You float through the air rather than walking.
You learn spells naturally, not from books.
Your magical power is your life essence.
You have superior vitality. (+4 MHP)
You are strong-willed. (Will+)
You occasionally lose the ability to drink potions when taking damage.


Message History

The orc warrior completely misses you.
Your Unarmed Combat skill increases to level 6!
You slash the orc warrior! You freeze the orc warrior.
The orc warrior is almost dead.
The orc warrior misses you.
You hit the orc warrior. You freeze the orc warrior.
You kill the orc warrior!
Makhleb accepts your kill.
You feel better.
Things that are here:
a +0 flail; a +0 chain mail; an orc corpse
Things that are here:
a +0 dagger; a +2 robe of cold resistance; an orc corpse
Things that are here:
a +0 dagger of freezing; a +0 robe A vampire comes into view.
You see here 7 stones.
The vampire casts a spell.
The vampire flickers and vanishes!
Deactivating autopickup; reactivate with Ctrl-A.
Found a stone staircase leading down.
You see here an amulet of regeneration.
G - an amulet of regeneration You see here 18 gold pieces.
You now have 399 gold pieces (gained 18).
Something hits you. Something bites you but does no damage.
You closely miss something.
You hear some strange, mumbled words.
Something tries to affect you, but you resist.
You hit something but do no damage. Something hits you but does no damage.
Something bites you!
You hit something. You freeze something. Something hits you.
Something bites you. Something hits you! Something bites you.
You miss something. You punch something. Something hits you!
Something bites you!
* * * LOW HITPOINT WARNING * * *
You slash something! You freeze something. Something hits you!
* * * LOW HITPOINT WARNING * * *
Something bites you!
You die...

#..... .....
.... ..> .. ###
#. ... #.##.#
#....# #.@###
#.{..# ##.
#..#.# ....
#...<#......
#.(.........
#...###.....
#.#...# ....
#.....###.....
.###.#)).......


There were no monsters in sight!

Vanquished Creatures
  A wyvern (D:7)
  A water moccasin (D:7)
  3 orc warriors
  Pargi (D:4)
  An ice beast (D:7)
  2 sky beasts
  2 black bears
  2 ogres
  A phantom (D:6)
  6 bullfrogs
  2 scorpions
  A howler monkey (D:6)
  3 hounds
  4 orc priests
  2 jellies
  Jessica (D:3)
  An iguana (D:4)
  8 orc wizards
  4 gnolls (D:5)
  7 adders
  A shadow imp (D:5)
  4 worms
  3 dart slugs
  26 orcs
  6 endoplasms
  4 giant cockroaches
  5 goblins
  9 hobgoblins
  8 quokkas
  7 ball pythons
  7 bats
  5 frilled lizards
  8 kobolds
  7 rats
  A bush (D:4)
154 creatures vanquished.

Notes
Turn   | Place    | Note
-------+----------+-------------------------------------------
     0 | D:1      | Shayle the Djinni Reaver began the quest for the Orb.
     0 | D:1      | Shayle set off with the following spells memorised: Kiss of
                  | Death, Momentum Strike, Hailstorm.
     0 | D:1      | Reached XP level 1. HP: 18/18 MP: 0/0
   135 | D:1      | Reached XP level 2. HP: 20/23 MP: 0/0
   385 | D:1      | Found Qimopp's Distillery.
   412 | D:1      | Reached XP level 3. HP: 27/28 MP: 0/0
   412 | D:1      | Learned a level 1 spell: Shock
   439 | D:1      | Bought a potion of curing for 30 gold pieces
   613 | D:1      | Reached skill level 1 in Armour
  1148 | D:2      | Reached skill level 1 in Stealth
  1239 | D:2      | Identified the +10 hand axe of Incongruity {freeze, Fly rC+
                  | Int-2}
  1625 | D:2      | Reached XP level 4. HP: 34/34 MP: 0/0
  1733 | D:3      | Found a bloodstained altar of Trog.
  1747 | D:3      | Reached XP level 5. HP: 36/39 MP: 0/0
  1747 | D:3      | Learned a level 2 spell: Poisonous Vapours
  1934 | D:3      | Noticed Jessica
  1942 | D:3      | Killed Jessica
  2402 | D:4      | Found a staircase to the Ecumenical Temple.
  2443 | Temple   | Entered the Ecumenical Temple
  2701 | Temple   | Became a worshipper of Makhleb the Destroyer
  3028 | D:4      | Reached XP level 6. HP: 45/46 MP: 0/0
  3113 | D:4      | Noticed Pargi
  3137 | D:5      | Entered Level 5 of the Dungeon
  3185 | D:5      | Gained mutation: You occasionally lose the ability to drink
                  | potions when taking damage. [potion of mutation]
  3185 | D:5      | Gained mutation: You are strong-willed. (Will+) [potion of
                  | mutation]
  3200 | D:5      | Reached skill level 4 in Unarmed Combat
  3200 | D:5      | Reached skill level 1 in Invocations
  3259 | D:5      | Noticed an ogre
  3330 | D:5      | Found a blossoming altar of Fedhas.
  3361 | D:5      | Noticed a black bear
  3388 | D:5      | Killed a black bear
  3389 | D:5      | Reached XP level 7. HP: 39/50 MP: 0/0
  3389 | D:5      | Learned a level 3 spell: Portal Projectile
  3637 | D:4      | Killed Pargi
  4087 | D:4      | Reached * piety under Makhleb
  4449 | D:6      | Reached XP level 8. HP: 43/58 MP: 0/0
  4539 | D:6      | HP: 1/58 [orc warrior/+0 long sword (10)]
  4951 | D:6      | Identified a scroll of acquirement
  4951 | D:6      | Acquired the +1 pair of gloves "Aboesireps" {rCorr Slay+2}
  5004 | D:6      | Found a glowing golden altar of the Shining One.
  5427 | D:6      | Reached skill level 5 in Unarmed Combat
  5760 | D:7      | Reached XP level 9. HP: 25/64 MP: 0/0
  5760 | D:7      | Learned a level 4 spell: Animate Dead
  5890 | D:7      | Reached skill level 5 in Fighting
  6551 | D:7      | Found a sacrificial altar of Ru.
  6566 | D:7      | Reached ** piety under Makhleb
  6796 | D:7      | Reached skill level 5 in Armour
  7067 | D:8      | Reached skill level 6 in Unarmed Combat
  7088 | D:8      | Slain by a vampire

Illustrated notes

Levels and vault maps discovered:
D:1:      psy_arrival_statuary, layout_loops_cross, serial_shops,
          nicolae_shop_waterfront
D:2:      layout_loops_cross, basic_altar
D:3:      layout_basic, trog_butcher_becter, minmay_diced_spiral, uniq_jessica
D:4:      layout_basic, minmay_temple_entry_overgrown, uniq_pargi
D:5:      layout_rooms, kennysheep_little_box
D:6:      layout_loops_corners, amcnicky_altar_gilded
D:7:      layout_basic, gammafunk_temple_overflow_statue
D:8:      layout_basic, uniq_maurice
Temple:   minmay_temple_curvy_branch

Skill      XL: |  1  2  3  4  5  6  7  8  9 |
---------------+----------------------------+-----
Armour         | 1 2 3 4 5 |  5.1
Stealth        | 1 2 3 4 |  4.5
Spellcasting   | 3 4 |  4.7
Fighting       | 3 4 5 |  5.6
Unarmed Combat | 4 5 6 |  6.0
Invocations    | 1 2 3 4 |  4.5
Dodging        | |  2.1

Action                   |  1- 3 |  4- 6 |  7- 9 || total
-------------------------+-------+-------+-------++-------
Melee: Unarmed           |    94 |       |       ||    94
       Punch             |     3 |     4 |     8 ||    15
       Short sword       |    16 |       |       ||    16
       Hand axe          |    10 |   126 |   162 ||   298
 Cast: Shock             |    30 |       |       ||    30
       Poisonous Vapours |       |     2 |     8 ||    10
       Portal Projectile |       |       |     2 ||     2
       Momentum Strike   |       |       |     1 ||     1
Evoke: Wand              |       |       |     2 ||     2
  Use: Scroll            |       |     4 |     8 ||    12
       Potion            |       |     2 |       ||     2
 Stab: Sleeping          |       |     2 |     2 ||     4
Armor: Leather armour    |    42 |    26 |    58 ||   126
Dodge: Dodged            |    76 |    53 |   107 ||   236

Table legend: (Time is in decaauts)
 A = Elapsed time spent in this place.
 B = Non-inter-level travel time spent in this place.
 C = Inter-level travel time spent in this place.
 D = Time resting spent in this place.
 E = Time spent auto-exploring this place.
 F = Levels seen in this place.
 G = Mean time per level.
                   A        B        C        D        E       F      G
               +--------+--------+--------+--------+--------+-----+--------+
         Total |   7169 |   6998 |    171 |    835 |   4589 |   9 |  796.6 |
       Dungeon |   6902 |   6750 |    152 |    835 |   4345 |   8 |  862.8 |
        Temple |    266 |    247 |     19 |      0 |    244 |   1 |  266.0 |
               +--------+--------+--------+--------+--------+-----+--------+

Top non-repeatable levels by time:
     D:7: 1338 daAuts
     D:4: 1226 daAuts
     D:6: 1077 daAuts
     D:1: 909 daAuts
     D:5: 888 daAuts
     D:2: 740 daAuts
     D:3: 686 daAuts
  Temple: 266 daAuts
     D:8: 35 daAuts
